 Dungeon Crawl Stone Soup version 0.27.1 (webtiles) character file.

Game seed: 1294166761300529645

23852 Atelerd the Eclecticist (level 13, -29/74 HPs)
             Began as an Octopode Earth Elementalist on Sept 1, 2021.
             Was a Priest of Sif Muna.
             Annihilated by a boulder beetle (58 damage)
             ... on level 2 of the Lair of Beasts.
             The game lasted 00:35:41 (17688 turns).

Atelerd the Eclecticist (OpEE)                     Turns: 17688, Time: 00:35:41

Health: -29/74     AC:  5    Str:  7    XL:     13   Next: 9%
Magic:  4/33       EV: 14    Int: 29    God:    Sif Muna [***...]
Gold:   645        SH:  5    Dex: 12    Spells: 29/44 levels left

rFire    . . .     SeeInvis .   l - +2 short sword (protect)
rCold    + . .     Faith    .   (no shield)
rNeg     . . .     Spirit   .   (helmet restricted)
rPois    .         Reflect  +   h - amulet of reflection
rElec    .         Harm     .   j - +6 ring of intelligence
rCorr    +         Rampage  .   k - +4 ring of protection
Will     .....                  L - ring of protection from cold
Stlth    ++++......             M - ring of resist corrosion
HPRegen  0.22/turn              (no ring)
MPRegen  0.23/turn              (no ring)
                                (no ring)
                                (no ring)

@: no status effects
A: almost no armour, amphibious, 8 rings, camouflage 1, gelatinous body 1,
(nimble swimmer 1), tentacles
a: Renounce Religion, Channel Magic, Forget Spell


You were on level 2 of the Lair of Beasts.
You worshipped Sif Muna.
Sif Muna was most pleased with you.
You visited 3 branches of the dungeon, and saw 13 of its levels.
You also visited: Sewer.

You collected 645 gold pieces.

Inventory:

Hand Weapons
 c - a +0 dagger
 l - a +2 short sword of protection (weapon)
 m - a +2 dagger of flaming
 s - the +2 mace of Isacywk {freeze, *Rage +Rage Dex-5 SInv}
   (You found it on level 4 of the Dungeon)

   It freezes those it strikes, dealing additional cold damage.
   It can also slow down cold-blooded creatures.
   Dex:       It affects your dexterity (-5).
   SInv:      It lets you see invisible.
   +Rage:     It lets you go berserk.
   *Rage:     It may make you go berserk in combat.
 G - the +5 spear of the Desolation of Salt {freeze, *Noise rPois Int+4}
   (You found it on level 8 of the Dungeon)

   It freezes those it strikes, dealing additional cold damage.
   It can also slow down cold-blooded creatures.
   Int:       It affects your intelligence (+4).
   rPois:     It protects you from poison.
   *Noise:    It may make noises in combat.
 K - a +5 falchion of freezing
Missiles
 b - 73 stones
 S - 3 throwing nets
Armour
 n - a +0 robe
 V - a +0 buckler
Jewellery
 f - a ring of ice
 h - an amulet of reflection (around mantle)
 j - a +6 ring of intelligence (left tentacle)
 k - a +4 ring of protection (right tentacle)
 L - a ring of protection from cold (on tentacle)
 M - a ring of resist corrosion (on tentacle)
 P - a ring of flight
Wands
 y - a wand of mindburst (26)
 D - a wand of flame (9)
 N - a wand of polymorph (6)
 R - a wand of iceblast (13)
 U - a wand of digging (4)
 W - a wand of acid (17)
Scrolls
 a - a scroll of vulnerability
 g - a scroll of noise
 o - a scroll of silence
 r - 5 scrolls of amnesia
 v - 4 scrolls of enchant armour {unknown}
 x - 3 scrolls of magic mapping
 A - 3 scrolls of torment
 B - 4 scrolls of fog {unknown}
 F - a scroll of immolation {unknown}
 J - 4 scrolls of teleportation {unknown}
 Q - a scroll of blinking {unknown}
 T - a scroll of summoning {unknown}
Potions
 d - 2 potions of flight
 e - 2 potions of cancellation
 i - a potion of attraction
 p - a potion of degeneration
 q - a potion of heal wounds
 t - a potion of magic {unknown}
 u - 4 potions of curing
 w - a potion of haste
 z - a potion of mutation {unknown}
 C - 4 potions of brilliance {unknown}
 E - a potion of ambrosia {unknown}
 H - a potion of might
 I - 2 potions of lignification {unknown}
 O - a potion of berserk rage {unknown}


   Skills:
 - Level 2.0 Fighting
 - Level 2.0 Short Blades
 - Level 5.0 Dodging
 - Level 6.0 Stealth
 + Level 16.0 Spellcasting
 - Level 2.0 Conjurations
 - Level 4.0 Transmutations
 - Level 2.0 Air Magic
 - Level 6.0 Earth Magic
 - Level 4.0 Poison Magic
 - Level 5.0 Invocations


You had 29 spell levels left.
You knew the following spells:

 Your Spells              Type           Power      Damage    Failure   Level
a - Sandblast             Erth           100%       2d20      1%          1
b - Mephitic Cloud        Conj/Pois/Air  38%        N/A       1%          3
e - Olgreb's Toxic Radia  Pois           46%        N/A       3%          4
p - Petrify               Tmut/Erth      51%        N/A       2%          4
s - Stone Arrow           Conj/Erth      92%        3d12      1%          3

Your spell library contained the following spells:

 Spells                   Type           Power      Damage    Failure   Level
 Magic Dart               Conj           100%       1d8       1%          1
 Passwall                 Tmut/Erth      42%        N/A       1%          2
 Static Discharge         Conj/Air       34%        N/A       1%          2
 Call Imp                 Summ           23%        N/A       3%          2
 Inner Flame              Hex/Fire       23%        N/A       6%          3
 Sticky Flame             Conj/Fire      29%        2d5       13%         4
 Cause Fear               Hex            11%        N/A       21%         4
 Dispel Undead            Necr           23%        3d12      21%         4
 Ozocubu's Refrigeration  Ice            11%        4d7       100%        7
 Discord                  Hex            11%        N/A       100%        8
 Ignition                 Fire           11%        3d5       100%        8


Dungeon Overview and Level Annotations

Branches:
Dungeon (10/15)            Temple (1/1) D:5            Lair (2/6) D:8
  Swamp (0/4) Lair:2        Sewer (visited)
  Snake: Lair:2-4    Spider: Lair:2-4       Orc: D:9-12

Altars:
Ashenzari
Dithmenos
Elyvilon
Fedhas
Gozag
Hepliaklqana
Kikubaaqudgha
Makhleb
Nemelex Xobeh
Okawaru
Ru
Sif Muna
Uskayaw
Vehumet
Wu Jian
Xom
Yredelemnul
Zin
The Shining One

Annotations:
D:5 exclusion: downstairs


Innate Abilities, Weirdness & Mutations

You cannot wear most types of armour.
You are amphibious.
You can wear up to eight rings at the same time.
Your skin changes colour to match your surroundings (Stealth+).
Your rubbery body absorbs attacks. (AC +1, EV +1)
((You are camouflaged near water. (Stealth+)))
You have tentacles for arms and can constrict up to eight enemies at once.


Message History

Press: ? - help, Shift-Dir - straight line, f/p - boulder beetle
Aim: a boulder beetle (severely wounded, chance to affect: 56%)
The boulder beetle resists with significant effort.
The boulder beetle curls into a ball and begins rolling!
Casting: Petrify (dangerous; 2% risk of failure)
Confirm with . or Enter, or press ? or * to list all spells.
Aiming: Petrify (dangerous; 2% risk of failure)
Press: ? - help, Shift-Dir - straight line, f/p - boulder beetle
Aim: a boulder beetle (severely wounded, rolling, chance to affect: 56%)
The boulder beetle is moving more slowly.
Casting: Petrify (dangerous; 2% risk of failure)
Confirm with . or Enter, or press ? or * to list all spells.
Aiming: Petrify (dangerous; 2% risk of failure)
Press: ? - help, Shift-Dir - straight line, f/p - boulder beetle
Aim: a boulder beetle (severely wounded, rolling, petrifying slowly, chance to affect: 56%)
You miscast Petrify.
You are very lightly contaminated with residual magic.
Nothing appears to happen.
The boulder beetle hits you!!
The boulder beetle stops rolling and uncurls.
The boulder beetle curls into a ball and begins rolling!
The boulder beetle stops moving altogether!
Casting: Petrify (dangerous; 2% risk of failure)
Confirm with . or Enter, or press ? or * to list all spells.
You begin to radiate toxic energy.
The boulder beetle is poisoned.
Casting: Olgreb's Toxic Radiance (dangerous; 3% risk of failure)
Confirm with . or Enter, or press ? or * to list all spells.
You don't know that spell.
Unknown command.
Casting: Olgreb's Toxic Radiance (dangerous; 3% risk of failure)
Confirm with . or Enter, or press ? or * to list all spells.
Your toxic radiance grows in intensity.
The boulder beetle looks even sicker. x2
Your magical contamination has completely faded away.
Your toxic aura wanes.
The boulder beetle is no longer petrified.
You start resting.
A boulder beetle is nearby!
The boulder beetle hits you!!!
Ouch! That really hurt!
You die...

§§♣♣#.#...P...#..................
§♣♣♣#.........#.#...####.##......
♣♣ #..#..##..##..#..#.#..####...#
# ##..#.##.##..#....##..## #..##
# #.#...#..#..°...###...# ##.# ##
#.#..##....°.....###..## #.##
.####.##.#..#..○....###..#.# #..#
.##.#.....#.##.B##.####...## #..#
.##.#....#..##..@#..##.#.## #.##
............###..##.###...# #.#
...#....######.###≈≈≈###.## #.#
.#.#.##### ###≈≈≈≈≈≈≈##.## #.##
.........# ##≈≈≈≈≈≈≈≈≈##.###†.#
..#####.## #≈≈.≈≈≈≈≈≈≈≈##.##.##
..# #.######≈≈≈...≈.#≈≈#####..#
.## #.....#≈≈.....##.#≈≈# ##.##
.# ####..#...........≈≈# #...#


You could see a boulder beetle (rolling, very poisoned).

Vanquished Creatures
  5 hydras
  Harold (Lair:1)
  2 boulder beetles (D:8)
  4 two-headed ogres (D:9)
  An oklob plant (D:9)
  A manticore (D:8)
  An elephant (Lair:2)
  A black mamba (Lair:2)
  Maurice (D:9)
  13 cane toads
  Maggie (D:7)
  A rime drake (Lair:1)
  2 komodo dragons (Lair:2)
  A tyrant leech (Lair:2)
  2 trolls
  Grinder (D:6)
  A slime creature (D:8)
  Sigmund (D:3)
  32 yaks
  A basilisk (Lair:1)
  8 water moccasins
  3 orc warriors
  An ice beast (D:7)
  A black bear (D:4)
  A sky beast (D:7)
  5 ogres
  4 kobold brigands
  4 bullfrogs
  2 scorpions
  8 killer bees
  4 wights (D:8)
  4 howler monkeys
  An electric eel (Lair:1)
  2 centaur zombies
  8 jellies
  2 hounds (D:7)
  3 orc priests
  Crazy Yiuf (D:4)
  Jessica (D:3)
  A centaur skeleton (D:2)
  6 orc wizards
  A hound skeleton (D:4)
  A howler monkey zombie (D:9)
  An adder (D:3)
  4 gnolls (D:5)
  2 river rats
  A shadow imp (D:6)
  3 white imps
  3 worms
  A dart slug (D:2)
  28 orcs
  4 ball pythons
  6 bats
  25 endoplasms
  3 giant cockroaches
  9 goblins
  5 hobgoblins
  8 jackals
  19 kobolds
  6 quokkas
  3 frilled lizards (D:1)
  14 rats
290 creatures vanquished.

Vanquished Creatures (others)
  16 fungi
  15 plants
31 creatures vanquished.

Grand Total: 321 creatures vanquished

Notes
Turn   | Place    | Note
-------+----------+-------------------------------------------
     0 | D:1      | Atelerd the Octopode Earth Elementalist began the quest for
                  | the Orb.
     0 | D:1      | Reached XP level 1. HP: 11/11 MP: 3/3
   406 | D:1      | Reached XP level 2. HP: 9/17 MP: 5/5
  1338 | D:1      | Reached XP level 3. HP: 21/21 MP: 6/6
  1899 | D:2      | Reached XP level 4. HP: 24/27 MP: 2/7
  3248 | D:3      | Learned a level 4 spell: Petrify
  3428 | D:3      | Noticed Jessica
  3431 | D:3      | Killed Jessica
  3432 | D:3      | Reached XP level 5. HP: 29/31 MP: 5/9
  3516 | D:3      | Noticed an ogre
  3521 | D:3      | Killed an ogre
  3522 | D:3      | Reached skill level 3 in Spellcasting
  3581 | D:3      | Found a basalt altar of Yredelemnul.
  3583 | D:3      | Noticed Sigmund
  3599 | D:3      | Killed Sigmund
  3600 | D:3      | Reached skill level 5 in Earth Magic
  3600 | D:3      | Reached XP level 6. HP: 31/36 MP: 4/10
  4115 | D:4      | Noticed a black bear
  4122 | D:4      | Killed a black bear
  4123 | D:4      | Reached XP level 7. HP: 40/41 MP: 8/12
  4690 | D:4      | Reached skill level 4 in Spellcasting
  4982 | D:4      | Identified the +2 mace of Isacywk {freeze, *Rage +Rage
                  | Dex-5 SInv}
  4986 | D:4      | Found a runed translucent door.
  4987 | D:4      | Noticed Crazy Yiuf
  5027 | D:4      | Killed Crazy Yiuf
  5492 | D:5      | Entered Level 5 of the Dungeon
  5528 | D:5      | Found a hide-covered altar of Uskayaw.
  5673 | D:5      | Found a glowing drain.
  5677 | Sewer    | Entered a sewer
  5819 | Sewer    | Reached skill level 5 in Spellcasting
  5893 | Sewer    | Found a white marble altar of Elyvilon.
  6258 | D:5      | Reached XP level 8. HP: 46/46 MP: 12/16
  6476 | D:5      | Found a staircase to the Ecumenical Temple.
  7130 | Temple   | Entered the Ecumenical Temple
  7184 | Temple   | Became a worshipper of Sif Muna the Loreminder
  7259 | D:6      | Reached skill level 1 in Invocations
  7494 | D:6      | Learned a level 3 spell: Mephitic Cloud
  7596 | D:6      | Noticed Grinder
  7597 | D:6      | Paralysed by Grinder for 3 turns
  7611 | D:6      | Killed Grinder
  7612 | D:6      | Reached skill level 6 in Spellcasting
  7612 | D:6      | Reached skill level 1 in Conjurations
  7612 | D:6      | Reached skill level 1 in Air Magic
  7612 | D:6      | Reached skill level 1 in Poison Magic
  7741 | D:6      | Found a sacrificial altar of Ru.
  8492 | D:7      | Found a glowing golden altar of the Shining One.
  8550 | D:7      | Reached XP level 9. HP: 38/51 MP: 6/18
  8695 | D:7      | Found an iron altar of Okawaru.
  8697 | D:7      | Noticed Maggie
  8743 | D:8      | Reached skill level 5 in Invocations
  8952 | D:8      | Reached * piety under Sif Muna
  8961 | D:8      | Reached skill level 1 in Fighting
  8961 | D:8      | Reached skill level 1 in Short Blades
  9103 | D:8      | Noticed a manticore
  9106 | D:8      | Noticed a boulder beetle
  9108 | D:8      | Noticed a troll
  9192 | D:8      | Noticed a boulder beetle
  9283 | D:7      | Killed Maggie
  9562 | D:7      | Learned a level 3 spell: Stone Arrow
  9623 | D:7      | Found a blossoming altar of Fedhas.
  9644 | D:7      | Reached skill level 5 in Dodging
 10239 | D:8      | Killed a manticore
 10240 | D:8      | Reached skill level 5 in Stealth
 10240 | D:8      | Reached skill level 7 in Spellcasting
 10240 | D:8      | Reached XP level 10. HP: 37/60 MP: 10/20
 10301 | D:8      | Identified the +5 spear of the Desolation of Salt {freeze,
                  | *Noise rPois Int+4}
 10358 | D:8      | Found a staircase to the Lair.
 10456 | D:8      | Killed a boulder beetle
 10457 | D:8      | Reached skill level 8 in Spellcasting
 10945 | D:8      | Reached skill level 9 in Spellcasting
 11018 | D:8      | Killed a boulder beetle
 11274 | D:9      | Noticed a two-headed ogre
 11288 | D:9      | Killed a two-headed ogre
 11289 | D:9      | Reached skill level 10 in Spellcasting
 11357 | D:9      | Noticed Maurice
 11370 | D:9      | Killed Maurice
 11502 | D:9      | Noticed a two-headed ogre
 11509 | D:9      | Killed a two-headed ogre
 11510 | D:9      | Reached skill level 11 in Spellcasting
 11510 | D:9      | Reached XP level 11. HP: 64/64 MP: 4/26
 11655 | D:9      | Noticed a two-headed ogre
 11689 | D:9      | Killed a two-headed ogre
 11918 | D:9      | Noticed an oklob plant
 11939 | D:9      | Reached ** piety under Sif Muna
 11985 | D:9      | Killed an oklob plant
 12275 | D:9      | Noticed a two-headed ogre
 12289 | D:9      | Killed a two-headed ogre
 12290 | D:9      | Reached skill level 12 in Spellcasting
 12476 | D:10     | Entered Level 10 of the Dungeon
 12535 | Lair:1   | Entered Level 1 of the Lair of Beasts
 12596 | Lair:1   | Noticed a six-headed hydra
 12610 | Lair:1   | Killed a six-headed hydra
 12743 | Lair:1   | Noticed a four-headed hydra
 13267 | Lair:1   | Killed a four-headed hydra
 13267 | Lair:1   | Reached *** piety under Sif Muna
 13268 | Lair:1   | Reached skill level 13 in Spellcasting
 13581 | Lair:1   | Noticed Harold
 13608 | Lair:1   | Killed Harold
 13609 | Lair:1   | Reached XP level 12. HP: 51/70 MP: 3/29
 14151 | Lair:1   | Noticed a seven-headed hydra
 14173 | Lair:1   | Killed a seven-headed hydra
 14174 | Lair:1   | Reached skill level 14 in Spellcasting
 15955 | Lair:2   | Noticed a seven-headed hydra
 16007 | Lair:2   | Killed a seven-headed hydra
 16008 | Lair:2   | Reached skill level 15 in Spellcasting
 16112 | Lair:2   | Learned a level 4 spell: Olgreb's Toxic Radiance
 16995 | Lair:2   | Reached XP level 13. HP: 74/74 MP: 18/32
 17292 | Lair:2   | Found a staircase to the Swamp.
 17376 | Lair:2   | Reached skill level 16 in Spellcasting
 17503 | Lair:2   | Found the +3 pair of seven-league boots {Rampage+∞}
 17688 | Lair:2   | Annihilated by a boulder beetle

Illustrated notes

Levels and vault maps discovered:
D:1:      elethiomel_arrival_maze, layout_basic, minmay_misc_feat_iff,
          minmay_pentomino_p2
D:2:      layout_loops_ring, minmay_vboxes
D:3:      mumra_celtic_spiral_tile, layout_loops_corners,
          mainiacjoe_overflow_brackets, minivault_25, uniq_sigmund, uniq_jessica
D:4:      layout_gridville, minmay_crossroads, uniq_crazy_yiuf_cottage
D:5:      layout_layer_cave, nicolae_uskayaw_dance_hall, temple_doors_cd,
          gup_sewer_entry_spiral
D:6:      layout_layer_cave, hangedman_ru_absence, uniq_grinder
D:7:      layout_loops_ring, mainiacjoe_overflow_chevrons, okawaru_gym_becter,
          mainiacjoe_overflow_boulevard, kennysheep_generic_room_4, uniq_maggie
D:8:      minmay_curly_fans, layout_rooms, lair_entry_dummy
D:9:      lemuel_slime, layout_long_grid, uniq_maurice
D:10:     layout_stronghold, gammafunk_ghost_necromancy
Temple:   compressed_dpeg_circular_temple
Lair:1:   layout_layer_cave, serial_bayou_ford_a, infiniplex_staircase_pool_2,
          uniq_harold
Lair:2:   layout_loops_ring, minmay_swamp_entry_worms,
          hellmonk_guarded_unrand_seven_league_boots, serial_bayou_shore_b

Skill      XL: |  1  2  3  4  5  6  7  8  9 10 11 12 13 |
---------------+----------------------------------------+-----
Transmutations | 2 3 4 |  4.0
Earth Magic    | 4 5 6 |  6.0
Spellcasting   | 3 5 6 7 11 13 15 16 | 16.0
Invocations    | 4 5 |  5.0
Conjurations   | 2 |  2.0
Air Magic      | 2 |  2.0
Poison Magic   | 3 4 |  4.0
Fighting       | 2 |  2.0
Short Blades   | 2 |  2.0
Dodging        | 5 |  5.0
Stealth        | 5 6 |  6.0

Action                   |  1- 3 |  4- 6 |  7- 9 | 10-12 | 13-15 || total
-------------------------+-------+-------+-------+-------+-------++-------
Melee: Unarmed           |    22 |       |       |       |       ||    22
       Constrict         |    11 |     7 |    29 |    32 |     3 ||    82
       Tentacles         |     8 |     7 |    38 |    56 |     2 ||   111
       Dagger            |    39 |    50 |   152 |    68 |       ||   309
       Spear             |       |       |       |    57 |       ||    57
       Short sword       |       |       |       |   144 |    18 ||   162
 Cast: Sandblast         |    19 |    38 |   101 |   143 |    13 ||   314
       Petrify           |       |     1 |    37 |    87 |    15 ||   140
       Mephitic Cloud    |       |       |     4 |    26 |       ||    30
       Stone Arrow       |       |       |       |    23 |    10 ||    33
       Olgreb's Toxic Ra |       |       |       |    10 |     7 ||    17
Invok: Channel Magic     |       |       |     2 |     4 |     1 ||     7
  Use: Scroll            |       |       |    10 |       |       ||    10
 Stab: Sleeping          |    15 |     8 |     7 |       |       ||    30
       Petrified         |       |     5 |    57 |   136 |    16 ||   214
       Petrifying        |       |       |     1 |     5 |       ||     6
       Confused          |       |       |       |     6 |       ||     6
Armor: Skin              |    11 |     6 |    32 |    24 |     1 ||    74
Dodge: Dodged            |    40 |    37 |   107 |    88 |    13 ||   285
Block: Other             |     3 |    13 |    32 |    38 |     3 ||    89
       Reflection        |       |       |     3 |     1 |       ||     4
